 Dungeon Crawl Stone Soup version 0.30-a0-55-g90e3122c3a (webtiles) character file.

Game seed: 16782390763546524346

4197 jlumianski the Cleaver (level 10, 0/111 HPs)
             Began as a Demonspawn Gladiator on Sept 9, 2022.
             Was a Believer of Okawaru.
             Succumbed to Erica's bolt of poison
             ... on level 8 of the Dungeon.
             The game lasted 00:35:27 (10353 turns).

jlumianski the Cleaver (Demonspawn Gladiator)      Turns: 10353, Time: 00:35:28

Health: 0/111      AC: 16    Str: 17 (18) XL:     10   Next: 8%
Magic:  13/13      EV:  6    Int: 11      God:    Okawaru [**....]
Gold:   382        SH:  0    Dex: 13 (14) Spells: 9/9 levels left

rFire   . . .      SeeInvis .    a - +1 war axe
rCold   . . .      Faith    .    (no shield)
rNeg    . . .      Spirit   .    N - +0 plate armour
rPois   +          Reflect  .    (helmet restricted)
rElec   .          Harm     .    (no cloak)
rCorr   .          Rampage  .    C - +0 pair of gloves
Will    .....                    (no boots)
Stlth   ..........               (no amulet)
HPRegen 0.28/turn                S - ring of poison resistance
MPRegen 0.13/turn                x - +4 ring of slaying

@: berserking, lethally poisoned (0 -> -6), slowed
A: horns 1, icy blue scales 2, powered by death 1, condensation shield, mutation
resistance 1
a: Renounce Religion, Heroism


You were on level 8 of the Dungeon.
You worshipped Okawaru.
Okawaru was pleased with you.
You visited 2 branches of the dungeon, and saw 10 of its levels.
You also visited: Sewer.

You collected 382 gold pieces.

Inventory:

Hand Weapons
 a - a +1 war axe (weapon)
 g - a +2 dagger of venom
 G - a +0 short sword
Missiles
 d - 3 throwing nets
 e - 12 javelins
 j - 12 stones
 p - 16 poisoned darts
 u - 2 atropa-tipped darts
 H - 3 boomerangs (quivered)
 J - 3 curare-tipped darts
Armour
 b - a +0 leather armour
 c - a +0 helmet
 s - a +0 ring mail
 v - +0 acid dragon scales
 B - a +0 chain mail
 C - a +0 pair of gloves (worn)
 N - a +0 plate armour (worn)
 T - a +1 leather armour of fire resistance
 Z - a +2 cloak of poison resistance
Magical Staves
 W - a staff of cold
Jewellery
 i - a ring of willpower
 k - a ring of fire
 x - a +4 ring of slaying (right hand)
 z - a ring of resist corrosion
 A - a ring of willpower
 L - a ring of protection from cold
 S - a ring of poison resistance (left hand)
Wands
 y - a wand of flame (33)
 O - a wand of acid (2)
 P - a wand of digging (12)
 Q - a wand of charming (6)
 R - a wand of roots (25)
Scrolls
 f - 5 scrolls of enchant weapon
 h - a scroll of vulnerability
 m - 2 scrolls of noise
 o - a scroll of butterflies
 q - a scroll of blinking
 r - a scroll of poison
 t - a scroll of teleportation
 K - 2 scrolls of enchant armour {unknown}
 M - 2 scrolls of fear
 U - a scroll of torment {unknown}
 V - a scroll of amnesia
Potions
 l - a potion of ambrosia
 w - 2 potions of flight
 D - a potion of haste
 E - 2 potions of curing
 F - a potion of degeneration
 I - a potion of experience {unknown}
 X - 2 potions of heal wounds
 Y - a potion of lignification {unknown}


   Skills:
 + Level 5.2 Fighting
 + Level 9.3 Axes
 + Level 3.0 Throwing
 + Level 5.5 Armour
 + Level 3.5 Dodging
 + Level 1.3 Stealth
 + Level 2.7 Shields
 * Level 4.7 Invocations
 * Level 3.6 Evocations


You had 9 spell levels left.
You didn't know any spells.
Your spell library contained the following spells:

 Spells                   Type           Power      Damage    Failure   Level
 Necrotise                Necr           0%         1d4       100%        1
 Dazzling Flash           Conj/Hex       0%         N/A       100%        3
 Inner Flame              Hex/Fire       0%         N/A       100%        3
 Vampiric Draining        Necr           0%         2d6       100%        3
 Cause Fear               Hex            0%         N/A       100%        4
 Agony                    Necr           0%         N/A       100%        5
 Silence                  Hex/Air        0%         N/A       100%        5
 Discord                  Hex            0%         N/A       100%        8


Dungeon Overview and Level Annotations

Branches:
Dungeon (9/15)             Temple (1/1) D:6           Sewer (visited)
   Lair: D:8-11         Orc: D:9-12

Altars:
Ashenzari
Dithmenos
Hepliaklqana
Kikubaaqudgha
Makhleb
Nemelex Xobeh
Okawaru
Qazlal
Ru
Sif Muna
Trog
Uskayaw
Vehumet
Wu Jian
Xom
Yredelemnul

Shops:
D:7 (

Annotations:
D:6 3 runed translucent doors, Adrian566's ghost, novice HOMo; Gentlefood's ghost, novice DsBe; LnG's ghost, novice HOFi; PhineusFerb's ghost, amateur TrGl
D:8 Erica


Innate Abilities, Weirdness & Mutations

You have a pair of small horns on your head.
You are mostly covered in icy blue scales. (AC +3)
You regenerate a little health from kills.
A meltable shield of frost defends you. (SH +0)
You are somewhat resistant to further mutation.


Message History

Here: Erica, wielding a +3 scimitar of flaming and wearing a +2 robe of fire resistance The floor.
Unknown command.
Okay, then.
Erica gestures at you while chanting. The lance of force hits you!
You are knocked back by the lance of force.
You slam into the rock wall!
Erica drinks a potion.
Erica seems to grow stronger.
Erica points at you and mumbles some strange words.
The bolt of poison hits you!
You are poisoned.
You resist.
A red film seems to cover your vision as you go berserk!
You feel yourself moving faster!
You feel mighty!
You feel very sick. Erica casts a spell at you. The bolt of poison hits you.
You resist.
Erica hits you with a +3 scimitar of flaming!!
Your condensation shield dissipates!
Erica burns you!
* * * LOW HITPOINT WARNING * * *
You hit Erica.
Erica is lightly wounded.
You feel very sick.
Erica hits you with a +3 scimitar of flaming!
* * * LOW HITPOINT WARNING * * *
Erica burns you.
* * * LOW HITPOINT WARNING * * *
You slash Erica! Your headbutt misses Erica.
Erica is moderately wounded.
* * * LOW HITPOINT WARNING * * *
You feel sick.
Erica hits you with a +3 scimitar of flaming.
* * * LOW HITPOINT WARNING * * *
Erica burns you.
* * * LOW HITPOINT WARNING * * *
You barely miss Erica.
Erica is moderately wounded.
You die...

.....# # #......##.#.#
.....# ##. #....#.# #
.####... .. #.#.##[##.# .#
## .. #.#.......# #####
.######.####.#### ....#
.............#
###.############...##...####
#.............)..##..<#
##############@..##...#
##@###...# #.##...# #$.....
###.### #.# #.#


You could see Erica (strong).

Vanquished Creatures
  Joseph (D:7)
  Maurice (D:8)
  Maggie (D:7)
  Sigmund (D:2)
  Duvessa (D:6)
  An orc warrior (D:7)
  2 ice beasts
  2 sky beasts (D:7)
  3 centaurs
  2 ogres
  2 phantoms (D:6)
  6 kobold brigands
  5 bullfrogs (D:7)
  A necrophage (D:4)
  3 scorpions
  4 wights
  Dowan (D:6)
  2 hounds
  5 orc priests
  A gnoll bouda (D:6)
  3 jellies
  An iguana (D:6)
  Ijyb (D:4)
  An orc wizard (D:5)
  12 adders
  5 gnolls
  3 river rats
  2 shadow imps
  A white imp (D:8)
  2 worms
  A dart slug (D:3)
  31 orcs
  8 ball pythons
  11 endoplasms
  3 giant cockroaches
  7 goblins
  7 hobgoblins
  10 jackals
  17 kobolds
  A quokka (D:2)
  3 bats (D:1)
  9 frilled lizards
  25 rats
209 creatures vanquished.

Vanquished Creatures (others)
  11 fungi (D:5)
  29 plants (Sewer)
  2 withered plants (D:6)
42 creatures vanquished.

Grand Total: 251 creatures vanquished

Notes
Turn   | Place    | Note
-------+----------+-------------------------------------------
     0 | D:1      | jlumianski the Demonspawn Gladiator began the quest for the
                  | Orb.
     0 | D:1      | Reached XP level 1. HP: 16/16 MP: 1/1
   282 | D:1      | Gained mutation: A meltable shield of frost defends you.
                  | (SH +0) [demonic ancestry]
   282 | D:1      | Reached XP level 2. HP: 17/22 MP: 2/2
   367 | D:1      | Reached skill level 3 in Axes
   968 | D:1      | Reached XP level 3. HP: 22/27 MP: 3/3
  2152 | D:2      | Gained mutation: You regenerate a little health from kills.
                  | [demonic ancestry]
  2152 | D:2      | Reached XP level 4. HP: 31/33 MP: 4/4
  2233 | D:2      | Noticed Sigmund
  2254 | D:2      | Killed Sigmund
  2255 | D:2      | Reached skill level 4 in Axes
  2255 | D:2      | Reached skill level 1 in Armour
  2255 | D:2      | Reached skill level 1 in Stealth
  2255 | D:2      | Reached skill level 1 in Shields
  2255 | D:2      | Reached XP level 5. HP: 25/40 MP: 5/5
  2669 | D:2      | Found a faded altar of an unknown god.
  3527 | D:3      | Reached XP level 6. HP: 46/46 MP: 6/6
  3583 | D:3      | Found a burning altar of Makhleb.
  4003 | D:5      | Entered Level 5 of the Dungeon
  4027 | D:5      | Reached skill level 5 in Axes
  4170 | D:5      | Found a glowing drain.
  4174 | Sewer    | Entered a sewer
  4349 | Sewer    | Gained mutation: You are partially covered in icy blue
                  | scales. (AC +2) [demonic ancestry]
  4349 | Sewer    | Reached XP level 7. HP: 49/52 MP: 7/7
  4541 | Sewer    | Reached skill level 6 in Axes
  5406 | D:4      | Found a bloodstained altar of Trog.
  5478 | D:4      | Noticed Ijyb
  5489 | D:4      | Gained mutation: You have a pair of small horns on your
                  | head. [demonic ancestry]
  5489 | D:4      | Reached XP level 8. HP: 56/60 MP: 8/8
  5498 | D:4      | Killed Ijyb
  6103 | D:5      | Reached skill level 7 in Axes
  6893 | D:6      | Found a runed translucent gate.
  6895 | D:6      | Found a runed translucent gate.
  6896 | D:6      | Found a runed translucent gate.
  6897 | D:6      | Noticed LnG's ghost (novice HOFi)
  6897 | D:6      | Noticed Adrian566's ghost (novice HOMo)
  6897 | D:6      | Noticed Gentlefood's ghost (novice DsBe)
  6897 | D:6      | Noticed PhineusFerb's ghost (amateur TrGl)
  6932 | D:6      | Found a staircase to the Ecumenical Temple.
  6995 | Temple   | Entered the Ecumenical Temple
  7095 | Temple   | Became a worshipper of Warmaster Okawaru
  7285 | D:6      | Reached skill level 8 in Axes
  7622 | D:6      | Gained mutation: You occasionally lose the ability to read
                  | scrolls when taking damage. [potion of mutation]
  7622 | D:6      | Gained mutation: Your natural rate of healing is unusually
                  | fast. [potion of mutation]
  7623 | D:6      | Lost mutation: You occasionally lose the ability to read
                  | scrolls when taking damage. [potion of mutation]
  7623 | D:6      | Lost mutation: Your natural rate of healing is unusually
                  | fast. [potion of mutation]
  7623 | D:6      | Gained mutation: You are somewhat resistant to further
                  | mutation. [potion of mutation]
  7853 | D:7      | Noticed Duvessa
  7853 | D:7      | Noticed Dowan
  7853 | D:7      | Found a stormy altar of Qazlal.
  7853 | D:7      | Found an ornate altar of the Wu Jian Council.
  7853 | D:7      | Found a sacrificial altar of Ru.
  7973 | D:6      | Killed Duvessa
  7974 | D:6      | Reached skill level 1 in Invocations
  7976 | D:6      | Killed Dowan
  7977 | D:6      | Gained mutation: You are mostly covered in icy blue scales.
                  | (AC +3) [demonic ancestry]
  7977 | D:6      | Reached XP level 9. HP: 40/66 MP: 9/9
  8104 | D:7      | Found a broken altar of Ashenzari.
  8106 | D:7      | Found a hazy altar of Hepliaklqana.
  8108 | D:7      | Found a shimmering blue altar of Sif Muna.
  8108 | D:7      | Found a hide-covered altar of Uskayaw.
  8109 | D:7      | Found a shimmering altar of Xom.
  8130 | D:7      | Noticed Maggie
  8244 | D:7      | Reached skill level 1 in Evocations
  8253 | D:7      | Killed Maggie
  8253 | D:7      | Reached * piety under Okawaru
  8731 | D:7      | Found Yniteano's Weapon Shoppe.
  8731 | D:7      | Noticed Joseph
  8795 | D:7      | Killed Joseph
  8795 | D:7      | Reached ** piety under Okawaru
  8796 | D:7      | Reached skill level 5 in Fighting
  8796 | D:7      | Reached skill level 5 in Armour
  8963 | D:7      | Reached skill level 9 in Axes
 10332 | D:8      | Noticed Maurice
 10342 | D:8      | Killed Maurice
 10342 | D:8      | Noticed Erica
 10343 | D:8      | Reached XP level 10. HP: 71/74 MP: 13/13
 10352 | D:8      | HP: 3/111 [Erica/+3 scimitar of flaming (3)]
 10353 | D:8      | Succumbed to Erica's bolt of poison

Illustrated notes

Levels and vault maps discovered:
D:1:      minmay_arrival_open_corners, layout_basic
D:2:      layout_basic, hellmonk_ecumenical_altar_pennies_from_heaven,
          minmay_rat_hole, uniq_sigmund
D:3:      layout_basic, mainiacjoe_overflow_swirl
D:4:      minmay_recursive_quarters, layout_rooms,
          mainiacjoe_overflow_boulevard, minmay_misc_feat_plants, uniq_ijyb
D:5:      layout_rooms, serial_aquarium, aquarium_bridge_long_separate
          [aquarium_subvault_bridge, aquarium_subvault_wall,
          aquarium_subvault_bridge, aquarium_subvault_balcony,
          aquarium_subvault_bridge, aquarium_subvault_balcony],
          aquarium_window_3, aquarium_window_fake, aquarium_window_1,
          aquarium_window_corner, aquarium_view_2d, aquarium_balcony_3a,
          gup_sewer_entry_spiral
D:6:      layout_loops_cross, minmay_temple_entry_tees, gammafunk_ghost_cemetery
D:7:      layout_cave_pods, grunt_temple_overflow_open, serial_shops,
          nicolae_shop_bloodbath_and_beyond, uniq_maggie, uniq_duvessa,
          uniq_joseph
D:8:      layout_loops_ring, kennysheep_flooded_box, uniq_maurice, uniq_erica
D:9:      layout_irregular_city, david_lair_shrubbed, uniq_grum
Temple:   nicolae_temple_godpark

Skill      XL: |  1  2  3  4  5  6  7  8  9 |
---------------+----------------------------+-----
Axes           | 3 4 5 6 8 9 |  9.3
Throwing       | 2 3 |  3.0
Dodging        | 3 |  3.5
Armour         | 1 2 3 4 5 |  5.5
Stealth        | 1 |  1.3
Shields        | 1 2 |  2.7
Fighting       | 3 4 5 |  5.2
Invocations    | 1 4 |  4.7
Evocations     | 3 |  3.6

Action                   |  1- 3 |  4- 6 |  7- 9 | 10-12 || total
-------------------------+-------+-------+-------+-------++-------
Melee: War axe           |   111 |   172 |   385 |     3 ||   671
       Punch             |       |     4 |     5 |       ||     9
       Headbutt          |       |       |    49 |       ||    49
Throw: Dart              |       |     2 |     4 |       ||     6
       Boomerang         |       |       |    16 |       ||    16
Evoke: Wand              |       |       |     2 |       ||     2
  Use: Potion            |     1 |       |     6 |     1 ||     8
       Scroll            |       |     9 |     4 |       ||    13
 Stab: Invisible         |       |     1 |       |       ||     1
Armor: Leather armour    |    29 |       |       |       ||    29
       Ring mail         |     7 |    18 |       |       ||    25
       Chain mail        |       |    50 |    48 |       ||    98
       Plate armour      |       |       |   162 |       ||   162
Dodge: Dodged            |    58 |    68 |   110 |       ||   236
Block: Other             |    20 |    43 |    61 |       ||   124

Table legend: (Time is in decaauts)
 A = Elapsed time spent in this place.
 B = Non-inter-level travel time spent in this place.
 C = Inter-level travel time spent in this place.
 D = Time resting spent in this place.
 E = Time spent auto-exploring this place.
 F = Levels seen in this place.
 G = Mean time per level.
                   A        B        C        D        E       F      G
               +--------+--------+--------+--------+--------+-----+--------+
         Total |  10718 |  10638 |     80 |   1555 |   5731 |  11 |  974.4 |
       Dungeon |   9463 |   9383 |     80 |   1503 |   5228 |   9 | 1051.4 |
        Temple |    155 |    155 |      0 |     45 |      0 |   1 |  155.0 |
         Sewer |   1099 |   1099 |      0 |      7 |    503 |   1 | 1099.0 |
               +--------+--------+--------+--------+--------+-----+--------+

Top non-repeatable levels by time:
     D:7: 1710 daAuts
     D:1: 1653 daAuts
     D:2: 1372 daAuts
     D:6: 1326 daAuts
   Sewer: 1099 daAuts
     D:5: 1027 daAuts
     D:4: 963 daAuts
     D:3: 906 daAuts
     D:8: 452 daAuts
  Temple: 155 daAuts
     D:9: 51 daAuts
